 Dungeon Crawl Stone Soup version 0.30-a0-465-g8901f6c8b5 (webtiles) character file.

Game seed: 11728534130144185659

378 Khashishi the Ducker (level 6, -2/26 HPs)
             Began as a Felid Warper on Dec 19, 2022.
             Was an Initiate of Elyvilon.
             Slain by Maggie
             ... wielding a +2 long sword of pain
              (9 damage)
             ... on level 6 of the Dungeon.
             The game lasted 00:17:00 (4512 turns).

Khashishi the Ducker (Felid Warper)                 Turns: 4512, Time: 00:17:01

Health: -2/26      AC:  2    Str:  7    XL:     6   Next: 45%
Magic:  10/10      EV: 20    Int: 20    God:    Elyvilon [......]
Gold:   1319       SH:  0    Dex: 18    Spells: 4/9 levels left
                                        Lives:  0   Deaths: 1

rFire   + . .      SeeInvis +      - Unarmed
rCold   + . .      Faith    .    (shield unavailable)
rNeg    . . .      Spirit   .    (body armour unavailable)
rPois   +          Reflect  .    (helmet unavailable)
rElec   +          Harm     .    (cloak unavailable)
rCorr   +          Rampage  .    (gloves unavailable)
Will    .....                    (boots unavailable)
Stlth   +++.......               (no amulet)
HPRegen 0.24/turn                e - ring of poison resistance
MPRegen 0.12/turn                h - +6 ring of intelligence

@: resistant, quick
A: very small, claws 1, fangs 3, see invisible, speed 1, shaggy fur 2, stealthy
paws, no weapons or thrown items, no armour, multi-lived
a: Renounce Religion


You were on level 6 of the Dungeon.
You worshipped Elyvilon.
Elyvilon was noncommittal.
You visited 2 branches of the dungeon, and saw 7 of its levels.

You collected 1319 gold pieces.

Inventory:

Jewellery
 e - a ring of poison resistance (left paw)
 h - a +6 ring of intelligence (right paw)
Wands
 i - a wand of polymorph (8)
 o - a wand of flame (3)
Scrolls
 a - a scroll of blinking
 c - a scroll of fog
 k - a scroll of amnesia
Potions
 b - a potion of mutation {unknown}
 f - a potion of curing
 g - a potion of attraction {unknown}


   Skills:
 - Level 2.0 Fighting
 + Level 6.1 Dodging
 + Level 5.5 Stealth
 + Level 4.4 Unarmed Combat
 - Level 2.0 Spellcasting
 + Level 4.6 Translocations
 - Level 2.5 Evocations


You had 4 spell levels left.
You knew the following spells:

 Your Spells              Type           Power      Damage    Failure   Level
a - Blink                 Tloc           40%        N/A       3%          2
b - Teleport Other        Tloc           20%        N/A       7%          3

Your spell library contained the following spells:

 Spells                   Type           Power      Damage    Failure   Level
 Lesser Beckoning         Tloc           40%        N/A       7%          3
 Vhi's Electric Charge    Tloc/Air       22%        N/A       19%         3
 Manifold Assault         Tloc           20%        N/A       24%         4


Dungeon Overview and Level Annotations

Branches:
Dungeon (6/15)             Temple (1/1) D:4

Altars:
Ashenzari
Elyvilon
Fedhas
Gozag
Hepliaklqana
Kikubaaqudgha
Makhleb
Nemelex Xobeh
Okawaru
Qazlal
Ru
Trog
Uskayaw
Wu Jian
Xom
Yredelemnul
Zin

Annotations:
D:6 Maggie


Innate Abilities, Weirdness & Mutations

You have sharp claws.
You have razor-sharp teeth.
You have supernaturally acute eyesight. (SInv)
You cover ground quickly. (Speed+)
You are covered in thick fur. (AC +2)
Your paws help you pounce on unaware monsters.
You are incapable of wielding weapons or throwing items.
You cannot wear armour.
You gain extra lives every three experience levels.


Message History

You feel sick. The scorpion completely misses you.
It was a potion of curing.
You feel better. The scorpion closely misses you.
You scratch the scorpion.
The scorpion is almost dead.
The scorpion closely misses you.
You scratch the scorpion.
You kill the scorpion!
You now have 1319 gold pieces (gained 8).
Found 2 stones.
h - a +6 ring of intelligence You feel clever.
h - a +6 ring of intelligence (right paw) Maggie the Vainglorious comes into view.
She is wielding a +2 long sword of pain.
Okay, then.
Unknown command.
Okay, then.
Unknown command.
Found a leather armour.
Found a metallic puce potion.
You pounce on the unaware helpless Maggie!
You mangle Maggie!!
Maggie is moderately wounded.
Maggie barely misses you.
Aiming: Polymorph
Press: ? - help, Shift-Dir - straight line, f - Maggie
Aim: Maggie, wielding a +2 long sword of pain and wearing +0 acid dragon scales (moderately wounded, will become an acid dragon, a fire bat, or a howler monkey, chance to affect: 55%)
Okay, then.
Unknown command.
You feel protected.
You hear the slow hiss of an avalanche of sand.
Maggie gestures at you while chanting. The bolt of fire hits you! You resist.
Ouch! That really hurt!
* * * LOW HITPOINT WARNING * * *
You scratch Maggie.
Maggie is heavily wounded.
You barely miss Maggie.
Maggie is heavily wounded.
Maggie hits you with a +2 long sword of pain!
You die...

###<.............#
..##................
...##..........##.#..
#....................
#..............##.#.#
#..............# ...
...........(..... .
#.#............#. #
#.....@....#..
#.....@....# [
#......#...#
#.....###.....
......+ #...! ####.#
#... #. ... #. ..


You could see Maggie.

Vanquished Creatures
  A warg (D:4)
  3 scorpions
  2 howler monkeys
  A hound (D:5)
  2 orc wizards (D:5)
  2 adders (D:4)
  2 worms (D:2)
  2 dart slugs (D:2)
  3 orcs
  5 bats (D:1)
  10 endoplasms
  4 giant cockroaches
  7 goblins
  2 hobgoblins (D:1)
  12 jackals
  A quokka (D:1)
  8 ball pythons
  3 frilled lizards
  7 kobolds
  3 rats
80 creatures vanquished.

Vanquished Creatures (others)
  A demonic plant (D:5)
1 creature vanquished.

Grand Total: 81 creatures vanquished

Notes
Turn   | Place    | Note
-------+----------+-------------------------------------------
     0 | D:1      | Khashishi the Felid Warper began the quest for the Orb.
     0 | D:1      | Reached XP level 1. HP: 9/9 MP: 4/4
    86 | D:1      | Reached skill level 1 in Stealth
   163 | D:1      | Reached XP level 2. HP: 13/13 MP: 6/6
   269 | D:1      | Learned a level 2 spell: Blink
   438 | D:1      | Reached XP level 3. HP: 15/16 MP: 7/7
   571 | D:1      | Reached skill level 4 in Dodging
  2364 | D:3      | Learned a level 3 spell: Teleport Other
  2712 | D:3      | Reached XP level 4. HP: 19/19 MP: 8/8
  3049 | D:3      | Noticed Ijyb
  3052 | D:3      | Ijyb changed into Ijyb the kobold
  3052 | D:3      | Noticed Ijyb
  3057 | D:3      | Killed Ijyb the kobold
  3181 | D:4      | Identified a scroll of acquirement
  3181 | D:4      | Acquired 1044 gold pieces
  3291 | D:4      | Noticed a scorpion
  3305 | D:4      | Noticed an ogre
  3307 | D:4      | an ogre changed into a warg
  3307 | D:4      | Noticed a warg
  3386 | D:4      | Reached skill level 1 in Evocations
  3492 | D:4      | Found a white marble altar of Elyvilon.
  3507 | D:4      | Killed a scorpion
  3508 | D:4      | Reached skill level 5 in Dodging
  3508 | D:4      | Reached XP level 5. HP: 10/22 MP: 9/9
  3576 | D:4      | Became a worshipper of Elyvilon the Healer
  3614 | D:5      | Entered Level 5 of the Dungeon
  3624 | D:4      | Killed a warg
  3625 | D:4      | Gained mutation: You are covered in thick fur. (AC +2)
                  | [Felid growth]
  3625 | D:4      | Reached XP level 6. HP: 9/26 MP: 10/10
  3660 | D:5      | HP: 1/26 [poisoned by an orc wizard]
  3662 | D:5      | Succumbed to an orc wizard's poison
  3663 | D:5      | Reached XP level 5. HP: 0/22 MP: 9/9
  3898 | D:4      | Reached skill level 5 in Stealth
  3938 | D:4      | Found a staircase to the Ecumenical Temple.
  4002 | Temple   | Entered the Ecumenical Temple
  4205 | D:5      | Reached XP level 6. HP: 10/26 MP: 10/10
  4397 | D:5      | Found an opulent altar of Gozag.
  4400 | D:5      | Found an ornate altar of the Wu Jian Council.
  4426 | D:5      | Noticed an ice beast
  4454 | D:6      | Reached skill level 6 in Dodging
  4502 | D:6      | Noticed Maggie
  4512 | D:6      | Slain by Maggie

Illustrated notes

Levels and vault maps discovered:
D:1:      minmay_arrival_arboretum_small, layout_loops_ring,
          basic_ecumenical_altar
D:2:      minmay_angry_zag, layout_basic, serial_rivers,
          chequers_serial_rivers_micro_a, chequers_serial_rivers_large_b,
          chequers_serial_rivers_room_b, chequers_serial_rivers_room_a,
          st_stairs_13
D:3:      layout_basic, chequers_serial_rivers_micro_d, uniq_ijyb
D:4:      layout_loops_ring, mainiacjoe_overflow_alcove_1,
          minmay_temple_entry_nine_rooms
D:5:      layout_rooms, chei_slow_surprise, minitemple, serial_demonic,
          serial_demonic_a, serial_demonic_f, serial_demonic_e,
          serial_demonic_d, serial_demonic_c
D:6:      layout_rooms, nicolae_overflow_crystal_walls, enter_ossuary_5,
          uniq_maggie
Temple:   nicolae_temple_two_arcs

Skill      XL: |  1  2  3  4  5  6 |
---------------+-------------------+-----
Stealth        | 1 2 3 5 |  5.5
Dodging        | 4 5 6 |  6.1
Unarmed Combat | 3 4 |  4.4
Evocations     | 1 2 |  2.5
Fighting       | |  2.0
Spellcasting   | |  2.0
Translocations | |  4.6

Action                   |  1- 3 |  4- 6 || total
-------------------------+-------+-------++-------
Melee: Unarmed           |   156 |   115 ||   271
       Bite              |    19 |    10 ||    29
       Punch             |     3 |     3 ||     6
Evoke: Wand              |       |    11 ||    11
  Use: Scroll            |       |    10 ||    10
       Potion            |       |     7 ||     7
 Stab: Sleeping          |     5 |     6 ||    11
       Distracted        |       |     1 ||     1
Armor: Skin              |     7 |     4 ||    11
Dodge: Dodged            |   109 |    90 ||   199

Table legend: (Time is in decaauts)
 A = Elapsed time spent in this place.
 B = Non-inter-level travel time spent in this place.
 C = Inter-level travel time spent in this place.
 D = Time resting spent in this place.
 E = Time spent auto-exploring this place.
 F = Levels seen in this place.
 G = Mean time per level.
                   A        B        C        D        E       F      G
               +--------+--------+--------+--------+--------+-----+--------+
         Total |   3741 |   3490 |    251 |    124 |   2234 |   7 |  534.4 |
       Dungeon |   3646 |   3399 |    247 |    124 |   2151 |   6 |  607.7 |
        Temple |     94 |     90 |      4 |      0 |     83 |   1 |   94.0 |
               +--------+--------+--------+--------+--------+-----+--------+

Top non-repeatable levels by time:
     D:2: 1069 daAuts
     D:3: 936 daAuts
     D:4: 728 daAuts
     D:1: 696 daAuts
     D:5: 163 daAuts
  Temple: 94 daAuts
     D:6: 51 daAuts
